 Dungeon Crawl Stone Soup version 0.21.1-1-g345015f (webtiles) character file.

45 TinyReaver the Vexing (level 3, 0/28 HPs)
             Began as a Gnoll Arcane Marksman on May 6, 2018.
             Slain by Blork the orc
             ... wielding a +0 hand axe
              (3 damage)
             ... on level 3 of the Dungeon.
             The game lasted 00:06:02 (1392 turns).

TinyReaver the Vexing (Gnoll Arcane Marksman)       Turns: 1392, Time: 00:06:03

Health: 0/28       AC:  2    Str: 13    XL:     3   Next: 64%
Magic:  7/7        EV: 14    Int: 15    God:
Gold:   64         SH:  0    Dex: 15    Spells: 6/7 levels left

rFire    . . .     SeeInvis .   a - +0 hunting sling
rCold    . . .     Gourm    .   (no shield)
rNeg     . . .     Faith    .   e - +0 robe
rPois    .         Spirit   .   (no helmet)
rElec    .         Reflect  .   j - scarf {repulsion}
rCorr    .         Harm     .   (no gloves)
MR       .....                  (no boots)
Stlth    ++........             (no amulet)
HPRegen  0.09/turn              (no ring)
MPRegen  0.10/turn              (no ring)

@: repel missiles
A: distributed training, fangs 1, strong nose
a: no special abilities


You were on level 3 of the Dungeon.
You were not hungry.

You visited 1 branch of the dungeon, and saw 4 of its levels.

You collected 64 gold pieces.

Inventory:

Hand Weapons
 a - a +0 hunting sling (weapon)
 l - a +0 short sword
Missiles
 b - 67 stones (quivered)
 d - 30 sling bullets
 g - 22 arrows
Armour
 e - a +0 robe (worn)
 j - a scarf of repulsion (worn)
 m - a +0 plate armour
Jewellery
 n - a -4 ring of protection
Scrolls
 i - 3 scrolls of remove curse
 o - a scroll of noise {unknown}
Potions
 h - 2 potions of agility {unknown}
 k - a potion of magic {unknown}
Books
 c - a book of Debilitation

   Spells                             Type                      Level
   a - Corona                         Hexes                        1
   b - Slow                           Hexes                        2
   c - Inner Flame                    Hexes/Fire                   3
   d - Portal Projectile              Hexes/Translocation          3
   e - Cause Fear                     Hexes                        4
   f - Leda's Liquefaction            Hexes/Earth                  4


   Skills:
 + Level 2.6 Fighting
 + Level 0.8 Short Blades
 + Level 0.8 Long Blades
 + Level 0.8 Axes
 + Level 0.8 Maces & Flails
 + Level 0.8 Polearms
 + Level 0.8 Staves
 + Level 4.5 Slings
 + Level 0.8 Bows
 + Level 0.8 Crossbows
 + Level 0.8 Throwing
 + Level 0.8 Armour
 + Level 4.5 Dodging
 + Level 0.8 Stealth
 + Level 0.8 Shields
 + Level 0.8 Unarmed Combat
 + Level 2.8 Spellcasting
 + Level 0.5 Conjurations
 + Level 5.4 Hexes
 + Level 0.5 Charms
 + Level 0.5 Summonings
 + Level 0.5 Necromancy
 + Level 0.5 Translocations
 + Level 0.5 Transmutations
 + Level 0.5 Fire Magic
 + Level 0.5 Ice Magic
 + Level 0.5 Air Magic
 + Level 0.5 Earth Magic
 + Level 0.5 Poison Magic
 + Level 1.0 Invocations
 + Level 0.8 Evocations


You had 6 spell levels left.
You knew the following spells:

 Your Spells              Type           Power        Failure   Level  Hunger
a - Corona                Hex            ###....      2%          1    #......


Dungeon Overview and Level Annotations

Branches:
Dungeon (4/15)
 Temple: D:4-7

Altars:
Fedhas
Xom

Annotations:
D:4 Blork the orc


Innate Abilities, Weirdness & Mutations

Your experience applies equally to all skills.
You have very sharp teeth.
Your uncanny sense of smell can sniff out nearby items.


Message History

The leopard gecko closely misses you.
Blork the orc casts a spell.
Blork the orc flickers and vanishes!
Deactivating autopickup; reactivate with Ctrl-A.
The leopard gecko misses you.
The howler monkey hoots and howls with incredible vigour!
You hear a bark! x2
The howler monkey misses you. Something hits you. Something hits you!
There is a stone staircase leading up here.
You can't go down here!
Something hits you.
You hear some strange, mumbled words.
A puff of frost appears from out of thin air!
The puff of frost hits you!
* * * LOW HITPOINT WARNING * * *
You climb upwards.
There is a stone staircase leading down here.
You start resting.
Something hits you.
You die...

∆ ∆
#.##########.#
#......@.....#
######.........
...########
####


There were no monsters in sight!

Vanquished Creatures
  An iguana (D:4)
  A dart slug (D:1)
  An orc (D:4)
  A giant cockroach (D:1)
  A goblin (D:1)
  6 hobgoblins
  2 kobolds (D:1)
  A frilled lizard (D:1)
  2 rats (D:1)
16 creatures vanquished.

Notes
Turn   | Place    | Note
-------+----------+-------------------------------------------
     0 | D:1      | TinyReaver the Gnoll Arcane Marksman began the quest for the Orb.
     0 | D:1      | Reached XP level 1. HP: 17/17 MP: 4/4
   300 | D:1      | Reached XP level 2. HP: 23/23 MP: 5/5
   540 | D:1      | Found a white marble altar of Elyvilon.
   542 | D:1      | Found a basalt altar of Yredelemnul.
   542 | D:1      | Found an ornate altar of the Wu Jian Council.
   544 | D:1      | Found a basalt altar of Yredelemnul.
   544 | D:1      | Found a shimmering altar of Xom.
   544 | D:1      | Found a radiant altar of Vehumet.
  1030 | D:2      | You fall through a shaft for 2 floors!
  1059 | D:4      | Found a blossoming altar of Fedhas.
  1066 | D:4      | Reached skill level 1 in Invocations
  1066 | D:4      | Reached XP level 3. HP: 19/28 MP: 7/7
  1325 | D:4      | Noticed Blork the orc
  1392 | D:3      | Slain by Blork the orc

Skill      XL: |  1  2 |
---------------+-------+-----
Invocations    | 1 |  1.0
Fighting       | |  2.6
Short Blades   | |  0.8
Long Blades    | |  0.8
Axes           | |  0.8
Maces & Flails | |  0.8
Polearms       | |  0.8
Staves         | |  0.8
Slings         | |  4.5
Bows           | |  0.8
Crossbows      | |  0.8
Throwing       | |  0.8
Armour         | |  0.8
Dodging        | |  4.5
Stealth        | |  0.8
Shields        | |  0.8
Unarmed Combat | |  0.8
Spellcasting   | |  2.8
Conjurations   | |  0.5
Hexes          | |  5.4
Charms         | |  0.5
Summonings     | |  0.5
Necromancy     | |  0.5
Translocations | |  0.5
Transmutations | |  0.5
Fire Magic     | |  0.5
Ice Magic      | |  0.5
Air Magic      | |  0.5
Earth Magic    | |  0.5
Poison Magic   | |  0.5
Evocations     | |  0.8

Action                   || total
-------------------------++-------
 Fire: Hunting sling     ||    76
  Use: Scroll            ||     1
  Eat: Ration            ||     1
Armor: Robe              ||     2
Dodge: Dodged            ||    20
